 Dungeon Crawl Stone Soup version 0.31.0-12-g77e489cdc1 (webtiles) character file.

Game seed: 2608190419650506622

242 cdecastro the Cudgeller (level 5, 0/36 HPs)
             Began as an Armataur Warper on Feb 26, 2024.
             Was a Follower of Hepliaklqana.
             Incinerated by a bombardier beetle (4 damage)
             ... with a burning spray
             ... on level 3 of the Dungeon.
             The game lasted 00:03:37 (1427 turns).

cdecastro the Cudgeller (Armataur Warper)           Turns: 1427, Time: 00:03:38

Health: 0/36       AC:  8    Str: 19    XL:     5   Next: 81%
Magic:  7/7        EV: 11    Int: 19    God:    Hepliaklqana [*.....]
Gold:   53         SH:  0    Dex:  9    Spells: 7/7 levels left

rFire   . . .        q - +0 flail
rCold   . . .        (no shield)
rNeg    . . .        m - +1 chain mail {Will+}
rPois   .            (no helmet)
rElec   .            (no cloak)
rCorr   .            (no gloves)
SInv    .            (no barding)
Will    +....        (no amulet) Stlth
                     e - +5 ring of evasion
HPRegen 0.26/turn    g - +6 ring of intelligence
MPRegen 0.10/turn

%: roll
@: on fire, glowing
A: reduced essence, large, deformed body, tough skin 3, armoured tail, roll 1
a: Renounce Religion, Recall Ancestor, Ancestor Identity


You were on level 3 of the Dungeon.
You worshipped Hepliaklqana.
Hepliaklqana was aware of your devotion.
You visited 1 branch of the dungeon, and saw 3 of its levels.

You collected 101 gold pieces.
You spent 48 gold pieces at shops.

Inventory:

Hand Weapons
 a - a +0 mace
 q - a +0 flail (weapon)
Missiles
 d - 7 darts of dispersal (quivered)
 h - 6 poisoned darts
Armour
 b - a +0 leather armour
 m - a +1 chain mail of willpower (worn)
 t - a +0 helmet
Jewellery
 e - a +5 ring of evasion (left hand)
 g - a +6 ring of intelligence (right hand)
Wands
 r - a wand of mindburst (13)
 s - a wand of flame (7)
Scrolls
 c - 4 scrolls of blinking
 l - a scroll of noise {unknown}
 n - a scroll of fear {unknown}
Potions
 f - a potion of curing
 i - a potion of berserk rage
 j - 2 potions of haste
 k - a potion of mutation
 p - a potion of degeneration {unknown}


   Skills:
 - Level 1.7 Fighting
 + Level 5.6 Maces & Flails
 - Level 0.8 Throwing
 - Level 1.2 Armour
 - Level 1.3 Dodging
 - Level 1.7 Spellcasting
 - Level 3.0 Translocations


You had 7 spell levels left.
You didn't know any spells.
Your spell library contained the following spells:

 Spells                   Type           Power      Damage    Failure   Level
 Blink                    Tloc           26%        N/A       56%         2
 Lesser Beckoning         Tloc           26%        N/A       56%         2
 Teleport Other           Tloc           13%        N/A       80%         3
 Manifold Assault         Tloc           13%        N/A       99%         4
 Vhi's Electric Charge    Tloc/Air       14%        N/A       100%        4


Dungeon Overview and Level Annotations

Branches:
Dungeon (3/15)

Altars:
Hepliaklqana

Shops:
D:2 ?


Innate Abilities, Weirdness & Mutations

Your life essence is reduced to manifest your ancestor. (-10% HP)
Armour fits poorly on your strangely shaped body.
You have extremely tough skin. (AC +3)
You have a long armoured tail.
You regenerate magic when rolling toward enemies. (Rampage MPRegen)


Message History

The bombardier beetle is lightly wounded.
The liquid fire burns you!
Octavia hits the bombardier beetle but does no damage.
You sock the bombardier beetle!
The bombardier beetle is heavily wounded.
The liquid fire burns you!
Octavia hits the bombardier beetle but does no damage.
The bombardier beetle bites you but does no damage.
You hit the bombardier beetle but do no damage.
The bombardier beetle is heavily wounded.
The liquid fire burns you!
* * * LOW HITPOINT WARNING * * *
Octavia hits the bombardier beetle.
The endoplasm hits you.
* * * LOW HITPOINT WARNING * * *
The bombardier beetle bites Octavia.
You hit the bombardier beetle.
Your tail-slap misses the bombardier beetle.
The bombardier beetle is severely wounded.
The liquid fire burns you!
* * * LOW HITPOINT WARNING * * *
Octavia closely misses the bombardier beetle.
The endoplasm freezes you.
You are frozen.
* * * LOW HITPOINT WARNING * * *
The endoplasm barely misses you.
The bombardier beetle sprays incendiary fluid at you.
The burning spray hits you.
You are even more covered in liquid fire!
Octavia hits the bombardier beetle.
You feel better. The liquid fire burns you!
* * * LOW HITPOINT WARNING * * *
The endoplasm freezes you.
You are frozen.
* * * LOW HITPOINT WARNING * * *
Octavia hits the bombardier beetle.
You hit the bombardier beetle.
You kill the bombardier beetle!
The liquid fire burns you!
You die...

###+#..... .#
........... .
#.J........$ ### #.
.##.#....... ..###.###.
#.#..... #.#.......
#.#...
###.#.###..###.#.###
..#.#...#...)..J..$###
#.#.#.#.##.#..##@R...#
.<#...........#..†....?#
#.......#####.#......###
...................###
##############.#.###
#.#.. #.#.. #.#.#


You could see the friendly Octavia the ancestor and an endoplasm.

Vanquished Creatures
  Sigmund (D:2)
  A bombardier beetle (D:3)
  An orc priest (D:1)
  3 adders
  5 orcs
  5 endoplasms
  A giant cockroach (D:1)
  2 goblins
  A hobgoblin (D:2)
  3 jackals (D:1)
  A quokka (D:2)
  3 ball pythons (D:1)
  A bat (D:2)
  2 frilled lizards (D:2)
  3 kobolds (D:1)
  2 rats (D:1)
35 creatures vanquished.

Notes
Turn   | Place    | Note
-------+----------+-------------------------------------------
     0 | D:1      | cdecastro the Armataur Warper began the quest for the Orb.
     0 | D:1      | Reached XP level 1. HP: 17/17 MP: 3/3
    56 | D:1      | Reached skill level 2 in Maces & Flails
   215 | D:1      | Reached XP level 2. HP: 23/24 MP: 4/4
   524 | D:2      | Noticed Sigmund
   535 | D:1      | Reached skill level 3 in Maces & Flails
   538 | D:1      | Reached XP level 3. HP: 16/29 MP: 5/5
   779 | D:1      | Reached skill level 4 in Maces & Flails
   779 | D:1      | Reached XP level 4. HP: 18/36 MP: 6/6
   969 | D:2      | Found The Oracle's Delphic Readings.
   973 | D:2      | Bought a scroll of identify for 24 gold pieces
   973 | D:2      | Bought a scroll of identify for 24 gold pieces
  1162 | D:2      | Killed Sigmund
  1163 | D:2      | Reached skill level 5 in Maces & Flails
  1163 | D:2      | Reached XP level 5. HP: 11/41 MP: 7/7
  1354 | D:2      | Found a faded altar of an unknown god.
  1357 | D:2      | Prayed at the altar of an unknown god.
  1357 | D:2      | Became a worshipper of Hepliaklqana the Forgotten
  1357 | D:2      | Reached * piety under Hepliaklqana
  1427 | D:3      | Incinerated by a bombardier beetle

Illustrated notes

Levels and vault maps discovered:
D:1:      lemuel_arrival_behind_the_door_large, layout_basic
D:2:      layout_rooms, shapermc_ecumenical_altar_mp_vishouse, chequers_garden,
          nicolae_nh_oracle_at_delphi, uniq_sigmund
D:3:      layout_basic, lightli_temple_of_fire,
          mainiacjoe_overflow_six_doors_small, st_stairs_9, minmay_unequal

Skill      XL: |  1  2  3  4 |
---------------+-------------+-----
Maces & Flails | 2 3 4 5 |  5.6
Fighting       | |  1.7
Throwing       | |  0.8
Armour         | |  1.2
Dodging        | |  1.3
Spellcasting   | |  1.7
Translocations | |  3.0

Action                     |  1- 3 |  4- 6 || total
---------------------------+-------+-------++-------
  Melee: Mace              |    83 |     4 ||    87
         Tailslap          |    12 |     7 ||    19
         Punch             |     2 |     1 ||     3
         Flail             |       |    38 ||    38
    Use: Scroll            |       |     4 ||     4
         Potion            |       |     1 ||     1
 Armour: Leather armour    |    16 |       ||    16
         Chain mail        |    49 |    24 ||    73
  Dodge: Dodged            |    62 |    16 ||    78
